 Dungeon Crawl Stone Soup version 0.25.1-2-g60ff931df9 (webtiles) character file.

Game seed: 5330686429089269678

42 HawFromDerth the Magician (level 3, -7/19 HPs)
             Began as a Deep Elf Venom Mage on Sept 19, 2020.
             Mangled by a gnoll
             ... wielding a +0 halberd
              (14 damage)
             ... on level 2 of the Dungeon.
             The game lasted 00:04:05 (1443 turns).

HawFromDerth the Magician (Deep Elf Venom Mage)     Turns: 1443, Time: 00:04:05

Health: -7/19      AC:  2    Str:  5    XL:     3   Next: 33%
Magic:  2/10       EV:  7    Int: 20    God:
Gold:   100        SH:  0    Dex: 15    Spells: 9/10 levels left

rFire    . . .     SeeInvis .   (no weapon)
rCold    . . .     Gourm    .   (no shield)
rNeg     . . .     Faith    .   a - +0 robe
rPois    .         Spirit   .   (no helmet)
rElec    .         Reflect  .   (no cloak)
rCorr    .         Harm     .   (no gloves)
MR       .....                  (no boots)
Stlth    ++........             (no amulet)
HPRegen  0.06/turn              (no ring)
MPRegen  0.12/turn              (no ring)

@: held
A: no striking features
a: no special abilities


You were on level 2 of the Dungeon.
You were not hungry.

You visited 1 branch of the dungeon, and saw 2 of its levels.

You collected 100 gold pieces.

Inventory:

Armour
 a - a +0 robe (worn)
Scrolls
 e - 3 scrolls of remove curse {unknown}
 f - a scroll of enchant armour {unknown}
 h - a scroll of identify {unknown}
Potions
 b - a potion of flight {unknown}
 d - a potion of might {unknown}
 g - a potion of lignification {unknown}
Comestibles
 c - 4 rations


   Skills:
 + Level 2.6 Dodging
 + Level 2.5 Stealth
 * Level 4.2 Spellcasting
 + Level 1.4 Transmutations
 * Level 3.9 Poison Magic


You had 9 spell levels left.
You knew the following spells:

 Your Spells              Type           Power        Failure   Level  Hunger
a - Sting                 Tmut/Pois      ###.         4%          1    None

Your spell library contained the following spells:

 Spells                   Type           Power        Failure   Level  Hunger
 Poisonous Vapours        Pois/Air       ##....       9%          2    #......
 Ignite Poison            Fire/Tmut/Pois ##......     19%         3    ###....
 Mephitic Cloud           Conj/Pois/Air  #.......     22%         3    ###....
 Olgreb's Toxic Radiance  Pois           ###.....     26%         4    ####...


Dungeon Overview and Level Annotations

Branches:
Dungeon (2/15)

Altars:


Message History

The sting hits the gnoll but does no damage.
The gnoll is poisoned.
The gnoll shouts!
You hear a shout! x2
A gnoll comes into view. It is wielding a +0 spear.
The gnoll throws a throwing net.
The throwing net hits you.
You become entangled in the net!
A gnoll comes into view. It is wielding a +0 whip.
Unknown command.
The gnoll hits you from afar with a +0 halberd.
Casting: Sting (safe; 4% risk of failure)
Confirm with . or Enter, or press ? or * to list all spells.
Aiming: Sting (safe; 4% risk of failure)
Press: ? - help, Shift-Dir - straight line, f/p - gnoll
Aim: a gnoll, wielding a +0 halberd (lightly wounded, poisoned)
The sting hits the gnoll but does no damage.
The gnoll looks even sicker.
The gnoll is lightly wounded.
The gnoll hits you from afar with a +0 halberd!
Ouch! That really hurt!
You die...

..... #..#....#
.....##.......#
.............#
#.....)..#.# ..
#.#....#...# ....
####...##..# .....
#.#g.[....##
.g...##..g..###.#
..gg...@....###.###
.g.#.......###....#
####..### #.# .#
#....###.##.#
#.....#........#
........#####.####
#......).....<.(.#
##.........#####.#
#.....###. #.#


You could see 6 gnolls.

Vanquished Creatures
  2 gnolls (D:2)
  A leopard gecko (D:1)
  2 goblins (D:1)
  7 hobgoblins (D:1)
  2 bats
  A frilled lizard (D:1)
  3 kobolds (D:1)
  4 rats (D:1)
22 creatures vanquished.

Notes
Turn   | Place    | Note
-------+----------+-------------------------------------------
     0 | D:1      | HawFromDerth the Deep Elf Venom Mage began the quest for
                  | the Orb.
     0 | D:1      | Reached XP level 1. HP: 10/10 MP: 6/6
   575 | D:1      | Reached XP level 2. HP: 15/15 MP: 5/8
  1423 | D:2      | Reached XP level 3. HP: 19/19 MP: 6/10
  1435 | D:2      | Reached skill level 4 in Spellcasting
  1443 | D:2      | Mangled by a gnoll

Illustrated notes

Levels and vault maps discovered:
D:1:      minmay_arrival_jagged, layout_basic, minmay_crystal_room,
          roderic_roman_lattice
D:2:      minmay_alternating_diamond, layout_basic, chequers_jeans,
          hangedman_decor_growths, kennysheep_flooded_box,
          kennysheep_pointless_box, hex_tiny, minmay_rat_gold_closets,
          uniq_jessica, uniq_crazy_yiuf_cottage

Skill      XL: |  1  2  3 |
---------------+----------+-----
Spellcasting   | 4 |  4.2
Dodging        | |  2.6
Stealth        | |  2.5
Transmutations | |  1.4
Poison Magic   | |  3.9

Action                   || total
-------------------------++-------
 Cast: Sting             ||    47
  Eat: Chunk             ||     1
Armor: Robe              ||     1
Dodge: Dodged            ||     9
